Map: Tourmaline LE

Players

Magomed - Winner!

  • Race: Terran Terran
  • League: Diamond
  • Spawn Location: 1:00

HoldTheDoor

  • Race: Protoss Protoss
  • League: Diamond
  • Spawn Location: 7:00

VOD

Have the link to the VOD?

Description

Time

  • Played on: May 19, 2026, 11:19 a.m.
  • Length: 9:17
Show
View Real Time Build Order
Export as new Build Order

Magomed Terran - Winner!

Build Orders:  

Get SALT Encoding   

  12  0:00  SCV  
  13  0:12  SCV  
  14  0:17  Supply Depot  
  14  0:24  SCV  
  15  0:38  SCV  
  15  0:40  Barracks  
  16  0:50  SCV  
  17  1:02  SCV  
  18  1:16  SCV  
  19  1:29  Marine  
  19  1:30  Command Center, Orbital Command  
  20  1:41  Refinery  
  20  1:45  Supply Depot  
  20  1:47  Marine  
  21  1:58  Barracks  
  21  1:59  SCV  
  22  2:14  Marine  
  23  2:16  SCV  
  24  2:33  SCV  
  24  2:34  Marine  
  26  2:39  Barracks  
  26  2:44  Bunker  
  26  2:45  SCV  
  26  2:49  Marine  
  28  2:51  Orbital Command  
  28  2:57  Engineering Bay  
  27  2:59  Factory  
  28  3:05  SCV  
  28  3:06  Marine  
  29  3:20  SCV  
  29  3:21  SCV  
  29  3:22  Marine  
  32  3:28  Refinery, Missile Turret  
  32  3:30  Marine  
  33  3:36  Marine  
  33  3:38  SCV  
  33  3:40  SCV  
  36  3:44  Factory Tech Lab, Supply Depot  
  36  3:49  Missile Turret, Marine  
  36  3:50  Marine  
  36  3:53  SCV  
  39  3:56  Marine  
  39  4:01  SCV  
  41  4:05  SCV  
  41  4:07  Marine  
  41  4:08  Marine  
  47  4:10  Cyclone  
  47  4:16  SCV  
  48  4:17  Supply Depot  
  48  4:18  SCV  
  48  4:19  Barracks Tech Lab  
  48  4:21  Terran Infantry Weapons Level 1  
  49  4:29  SCV  
  50  4:31  SCV  
  50  4:32  Marine x2  
  50  4:34  Supply Depot  
  53  4:39  Marine  
  53  4:41  SCV  
  53  4:43  SCV  
  56  4:48  Starport  
  56  4:49  Marine  
  56  4:50  Marine  
  56  4:52  Cyclone  
  61  4:53  SCV  
  61  4:56  SCV  
  61  4:57  Marine  
  64  5:01  Supply Depot  
  64  5:02  Refinery  
  64  5:03  Combat Shield  
  64  5:09  SCV  
  65  5:17  Supply Depot  
  65  5:22  SCV, Marine, Supply Depot  
  65  5:24  SCV  
  65  5:26  Supply Depot  
  65  5:27  Starport Reactor  
  68  5:29  Marine  
  68  5:34  SCV  
  68  5:35  Barracks  
  70  5:36  SCV  
  70  5:37  Supply Depot  
  70  5:40  Marine  
  72  5:43  Hellion  
  72  5:46  SCV  
  72  5:48  Refinery  
  75  5:50  Marine  
  75  5:51  SCV  
  75  5:55  Supply Depot  
  77  5:58  SCV  
  77  6:02  Barracks Tech Lab, Supply Depot  
  77  6:04  SCV  
  79  6:09  Barracks Tech Lab  
  79  6:10  SCV  
  79  6:11  Hellion  
  82  6:13  Viking x2  
  82  6:16  SCV, Terran Infantry Armor Level 1  
  87  6:22  Barracks Tech Lab, SCV  
  88  6:34  Command Center  
  88  6:36  SCV  
  89  6:41  Armory  
  89  6:43  Viking  
  89  6:45  Viking  
  89  6:46  Engineering Bay, SCV  
  94  6:54  Bunker, SCV  
  94  6:57  Bunker  
  94  6:58  Marauder, SCV  
  94  7:00  Marauder  
  100  7:06  SCV, Supply Depot  
  101  7:09  Marauder  
  101  7:10  Marauder  
  101  7:15  SCV  
  106  7:16  Viking  
  106  7:18  Viking  
  106  7:20  SCV  
  106  7:22  Marine x2  
  112  7:27  Cyclone  
  112  7:28  SCV  
  117  7:36  SCV  
  118  7:46  Marauder  
  118  7:48  Command Center  
  118  7:49  Viking  
  122  7:52  Viking  
  122  7:53  SCV  
  125  7:58  Orbital Command  
  125  8:00  SCV  
  125  8:04  Marauder  
  128  8:08  Supply Depot  
  128  8:10  SCV  
  128  8:12  Supply Depot, SCV  
  130  8:14  Marauder  
  130  8:15  Marauder  
  134  8:24  Marauder, SCV  
  134  8:25  Marauder  
  139  8:28  SCV  
  139  8:32  Missile Turret  
  139  8:33  Orbital Command  
  140  8:34  Marine  
  140  8:36  SCV  
  140  8:37  Missile Turret  
  140  8:41  Marauder, Command Center  
  144  8:44  SCV  
  145  8:48  SCV  
  145  8:52  Marauder x2  
  150  8:56  SCV  
  150  9:00  Missile Turret, SCV  
  152  9:04  Missile Turret  
Show
View Real Time Build Order
Export as new Build Order

HoldTheDoor Protoss 

Build Orders: Colossus Rush 

Get SALT Encoding   

  12  0:00  Probe  
  13  0:12  Probe  
  14  0:19  Pylon  
  14  0:24  Probe  
  15  0:34  Probe  
  15  0:39  Gateway  
  15  0:42  Probe  
  17  0:51  Probe  
  18  0:58  Assimilator  
  18  1:03  Probe  
  19  1:10  Pylon  
  19  1:15  Probe  
  20  1:26  Zealot  
  20  1:30  Probe  
  21  1:33  Cybernetics Core  
  23  1:49  Nexus  
  23  1:51  Pylon  
  23  1:57  Assimilator  
  23  2:13  Adept  
  23  2:17  Shield Battery  
  25  2:33  Probe  
  26  2:45  Probe  
  27  2:57  Sentry  
  29  3:00  Robotics Facility  
  29  3:03  Gateway  
  29  3:06  Probe  
  29  3:07  Pylon  
  30  3:13  Shield Battery  
  30  3:14  Probe  
  30  3:18  Probe  
  32  3:28  Probe  
  32  3:31  Probe  
  34  3:43  Probe  
  34  3:44  Probe  
  36  3:55  Probe  
  37  3:56  Probe  
  37  4:00  Immortal  
  42  4:07  Pylon, Probe  
  42  4:09  Forge, Warp Gate  
  43  4:10  Probe  
  43  4:17  Protoss Ground Armor Level 1  
  44  4:19  Probe  
  44  4:22  Probe  
  44  4:23  Zealot x2  
  50  4:29  Robotics Bay  
  50  4:31  Probe  
  50  4:33  Pylon  
  50  4:34  Probe  
  50  4:37  Assimilator  
  52  4:43  Probe  
  52  4:45  Gateway x2  
  53  4:51  Observer  
  54  4:53  Probe  
  54  4:55  Probe  
  56  5:03  Assimilator  
  56  5:05  Pylon  
  56  5:06  Probe  
  57  5:09  Zealot x2  
  57  5:13  Colossus  
  67  5:25  Shield Battery  
  67  5:27  Pylon  
  67  5:30  Pylon  
  67  5:31  Shield Battery  
  67  5:37  Probe  
  67  5:40  Extended Thermal Lance  
  68  5:45  Twilight Council  
  68  5:48  Pylon  
  68  5:50  Probe x2  
  68  5:53  Pylon  
  70  5:58  Colossus  
  70  6:02  Probe  
  70  6:05  Probe  
  70  6:08  Protoss Ground Weapons Level 1  
  77  6:14  Probe  
  77  6:15  Charge  
  77  6:17  Robotics Facility  
  78  6:23  Probe  
  79  6:34  Zealot x4  
  87  6:44  Probe  
  88  6:52  Colossus  
  94  6:55  Probe  
  94  7:00  Pylon  
  95  7:02  Nexus  
  95  7:03  Pylon  
  95  7:06  Pylon  
  95  7:07  Observer  
  96  7:24  Gateway, Warp Prism  
  96  7:25  Gateway  
  96  7:27  Probe x2  
  100  7:32  Zealot  
  100  7:33  Zealot x2  
  100  7:35  Sentry  
  108  7:40  Templar Archives  
  108  7:46  Colossus  
  114  7:54  Probe x2  
  114  7:58  Pylon  
  116  8:03  Photon Cannon  
  116  8:06  Probe  
  116  8:07  Photon Cannon  
  116  8:10  Photon Cannon  
  117  8:25  Assimilator  
  117  8:26  Pylon  
  117  8:30  Photon Cannon  
  117  8:33  Photon Cannon  
  117  8:34  Shield Battery  
  117  8:35  Shield Battery  
  117  8:39  High Templar x4  
  125  8:43  Archon  
  125  8:44  Archon  
  125  8:47  Probe  
  125  8:48  Probe x2  
  128  9:01  Stalker x2  
  104  9:11  Zealot  
Tags
 
Matchup
PvT
Replay Pack
SC2Mai2026
Spawn Locations
Cross Positions
Add a new tag
Caveats
  • Supply blocks, unpowered buildings, or Contaminate may cause inaccurate times.
  • Supply counts are checked every 10 seconds.